 Dungeon Crawl Stone Soup version 0.18.1-48-g4cf74bf (webtiles) character file.

10255 Gargoyl the Protected (level 11, -3/87 HPs)
             Began as a Demonspawn Abyssal Knight on June 25, 2016.
             Was the Champion of Lugonu.
             Slain by a hill giant
             ... wielding a +0 giant club
              (20 damage)
             ... on level 10 of the Dungeon on June 26, 2016.
             The game lasted 00:28:54 (9844 turns).

Gargoyl the Protected (Demonspawn Abyssal Knight)   Turns: 9844, Time: 00:28:54

Health: -3/87      AC: 22    Str: 16    XL:     11   Next: 33%
Magic:  13/13      EV:  4    Int: 17    God:    Lugonu [******]
Gold:   412        SH: 11    Dex: 11    Spells: 0 memorised, 10 levels left

rFire  . . .     SeeInvis .     o - +7 Screaming Sword
rCold  . . .     Gourm    .     b - +0 plate armour
rNeg   . . .     Faith    +     H - +3 shield {rPois}
rPois  +         Spirit   .     d - +1 helmet
rElec  .         Dismiss  .     i - +2 cloak
rCorr  .         Reflect  .     (no gloves)
SustAt .         Harm     .     u - +0 pair of boots
MR     .....                    y - amulet of faith
Stlth  ..........               (no ring)
                                (no ring)

@: not resistant to hostile enchantments, extremely unstealthy
A: claws 2, blurry vision 1, clever 2, clumsy 1, foul stench 1, sense
surroundings 1, powered by death 2, rot immunity
a: Depart the Abyss, Bend Space, Banish, Corrupt, Enter the Abyss, Brand Weapon
With Distortion, Renounce Religion


You were on level 10 of the Dungeon.
You worshipped Lugonu.
Lugonu was exalted by your worship.
You were hungry.

You visited 1 branch of the dungeon, and saw 10 of its levels.
You visited the Abyss 1 time.
You also visited: Ossuary.

You collected 412 gold pieces.

Inventory:

Hand Weapons
 a - a +1 hand axe
 g - a -1 broad axe
 o - the +7 Screaming Sword (weapon)
   (You found it on level 5 of the Dungeon)
 z - a +1 hand axe of electrocution
 J - a +0 hand axe of flaming
Missiles
 C - 13 tomahawks (quivered)
Armour
 b - a +0 plate armour (worn)
 d - a +1 helmet (worn)
 i - a +2 cloak (worn)
 u - a +0 pair of boots (worn)
 H - a +3 shield of poison resistance (worn)
Jewellery
 y - an amulet of faith (around neck)
 F - an uncursed amulet of the gourmand
Wands
 e - a wand of flame (26/48)
 h - a wand of confusion (15/48)
 A - a wand of iceblast (8/15)
 G - a wand of acid (8/15)
 I - a wand of paralysis (5/24)
 L - a wand of digging (13/24)
 P - a wand of flame (16/48)
 S - a wand of lightning (6/15)
Scrolls
 j - 8 scrolls of remove curse
 m - 10 scrolls of identify
 n - 5 scrolls of teleportation
 q - a scroll of fog
 E - 2 scrolls of magic mapping
Potions
 p - a potion of cancellation {unknown}
 r - a potion of degeneration {unknown}
 s - 2 potions of curing
 t - 2 potions of agility {unknown}
 v - 2 potions of berserk rage {unknown}
 w - 2 potions of flight {unknown}
 x - a potion of beneficial mutation {unknown}
 D - 2 potions of lignification {unknown}
Books
 B - a book of Necromancy

   Spells                             Type                      Level
   a - Pain                           Necromancy                   1
   b - Animate Skeleton               Necromancy                   1
   c - Vampiric Draining              Necromancy                   3
   d - Regeneration                   Charms/Necromancy            3
   e - Animate Dead                   Necromancy                   4
   f - Control Undead                 Necromancy                   4
 K - a book of Spatial Translocations

   Spells                             Type                      Level
   a - Apportation                    Translocation                1
   b - Blink                          Translocation                2
   c - Shroud of Golubria             Charms/Translocation         2
   d - Portal Projectile              Translocation                3
   e - Teleport Other                 Translocation                3
   f - Passage of Golubria            Translocation                4
 M - a book of Maledictions

   Spells                             Type                      Level
   a - Corona                         Hexes                        1
   b - Ensorcelled Hibernation        Hexes/Ice                    2
   c - Confuse                        Hexes                        3
   d - Tukima's Dance                 Hexes                        3
   e - Dazzling Spray                 Conjuration/Hexes            3
 R - a Young Poisoner's Handbook

   Spells                             Type                      Level
   a - Sting                          Conjuration/Poison           1
   b - Cure Poison                    Poison                       2
   c - Mephitic Cloud                 Conjuration/Poison/Air       3
   d - Olgreb's Toxic Radiance        Poison                       4
   e - Venom Bolt                     Conjuration/Poison           5
Comestibles
 c - 3 bread rations
 f - 3 beef jerkies
 k - 2 royal jellies
 l - 9 meat rations
 N - 12 fruits
 O - 7 slices of pizza


   Skills:
 + Level 8.5 Fighting
 + Level 7.4 Long Blades
 + Level 5.0 Axes
 * Level 10.8 Armour
 + Level 3.1 Dodging
 + Level 0.4 Stealth
 + Level 2.7 Shields
 + Level 3.7 Invocations


You had 10 spell levels left.
You didn't know any spells.

Dungeon Overview and Level Annotations

Branches:
Dungeon (10/15)            Temple (0/1) D:7
   Lair: D:8-11         Orc: D:9-12

Altars:
Ashenzari
Cheibriados
Fedhas
Gozag
Kikubaaqudgha
Makhleb
Nemelex Xobeh
Okawaru
Pakellas
Qazlal
Ru
Sif Muna
Trog
Xom
Yredelemnul
Zin

Shops:
D:5 **   D:7 [


Innate Abilities, Weirdness & Mutations

You have very sharp fingernails.
You may emit foul miasma when damaged in melee.
You regenerate health from kills.
You are immune to rotting.
Scrolls take you a little longer to read.
Your mind is very acute. (Int +4)
You are clumsy. (Dex -2)
You passively map a small area around you.


Message History

You block the hill giant's attack.
You slash the hill giant!
The hill giant is moderately wounded.
You slash the hill giant!
The hill giant is heavily wounded.
The hill giant hits you with a giant club.
* * * LOW HITPOINT WARNING * * *
You completely miss the hill giant.
The hill giant is heavily wounded.
The hill giant hits you with a giant club.
* * * LOW HITPOINT WARNING * * *
You slash the hill giant!
The hill giant is severely wounded.
The hill giant hits you with a giant club.
* * * LOW HITPOINT WARNING * * *
The hill giant looks sick.
You slash the hill giant!
The hill giant is almost dead.
The hill giant hits you with a giant club!!
You die...

, .. , #....#* =# ,
... #....# .# ,
.... #....####.#
....##.........#
.......).......# ,
...............# ,
.#####.......###
..?....C###.######
* ,
.......@...........
.........<....####.
.#####............
* * *#...##.#.###.
, ,..........# , *,
.......?......, ,
..###......#.## * *
# #........., *
#........##


You could see a hill giant.

Vanquished Creatures
  Pikel (D:7)
  A hill giant (D:10)
  Joseph (D:8)
  The ghost of Vincendra the Magician, a novice DEFE of Vehumet (D:6)
  Psyche (D:8)
  2 trolls
  Grinder (D:3)
  Sigmund (D:5)
  6 yaks (D:9)
  3 hippogriffs
  4 vampire mosquitoes (D:8)
  Menkaure (D:7)
  An ice beast (D:9)
  3 sky beasts
  3 orc warriors
  3 necrophages
  6 ogres
  A phantom (D:7)
  A black bear (D:8)
  4 centaurs
  8 giant frogs
  5 big kobolds (D:9)
  2 water moccasin zombies (Ossuary)
  8 scorpions
  A howler monkey (D:5)
  2 electric eels (D:7)
  3 wights (D:9)
  A jelly (D:8)
  5 crimson imps
  A centaur zombie (D:7)
  6 hounds
  6 orc priests
  12 orc wizards
  5 iguanas
  3 worker ants
  5 big kobold zombies (Ossuary)
  2 sheep (D:9)
  2 mummies (Ossuary)
  A gnoll (D:2)
  12 adders
  3 shadow imps
  An ooze (D:1)
  An adder skeleton (D:4)
  12 adder zombies (Ossuary)
  3 worms
  A dart slug (D:2)
  5 giant geckos
  28 orcs
  6 giant cockroaches
  3 gnoll zombies (Ossuary)
  7 goblins
  6 hobgoblins
  17 jackals
  5 quokkas
  5 ball pythons
  11 bats
  4 giant newts
  6 hobgoblin zombies (Ossuary)
  2 jackal skeletons
  A jackal zombie (D:6)
  17 kobolds
  5 orc zombies
  A quokka skeleton (D:4)
  5 rats
  A rat zombie (D:6)
  A spectral orc (D:5)
292 creatures vanquished.

Vanquished Creatures (others)
  A hydra (D:9)
  2 hungry ghosts
  A slave (D:7)
  2 electric eels (D:7)
  An orc wizard (D:7)
  A worker ant (D:7)
  2 orcs (D:7)
  A giant newt (D:7)
  6 fungi (D:5)
  5 plants
22 creatures vanquished.

Grand Total: 314 creatures vanquished

Notes
Turn   | Place    | Note
--------------------------------------------------------------
     0 | Abyss:1  | Gargoyl the Demonspawn Abyssal Knight began the quest for the Orb.
     0 | Abyss:1  | Reached XP level 1. HP: 18/18 MP: 2/2
    89 | Abyss:2  | Noticed a small abomination
   119 | Abyss:2  | Noticed an iron imp
   129 | Abyss:2  | Noticed a wretched star
   138 | D:1      | Escaped the Abyss
   374 | D:1      | Reached skill level 2 in Armour
   377 | D:1      | Reached skill level 1 in Dodging
   378 | D:1      | Reached * piety under Lugonu
   484 | D:1      | Gained mutation: You have sharp fingernails. [demonic ancestry]
   484 | D:1      | Reached XP level 2. HP: 22/24 MP: 3/3
  1016 | D:1      | Reached XP level 3. HP: 24/29 MP: 4/4
  1225 | D:2      | Reached ** piety under Lugonu
  1443 | D:2      | Found a blossoming altar of Fedhas.
  1479 | D:2      | Found a snail-covered altar of Cheibriados.
  1790 | D:2      | Reached XP level 4. HP: 17/37 MP: 5/5
  2530 | D:3      | Reached skill level 3 in Armour
  2531 | D:3      | Found an iron altar of Okawaru.
  2651 | D:3      | Gained mutation: You regenerate a little health from kills. [demonic ancestry]
  2651 | D:3      | Reached XP level 5. HP: 36/42 MP: 6/6
  3083 | D:3      | Noticed Grinder
  3096 | D:3      | Paralysed by Grinder for 6 turns
  3103 | D:3      | Gained mutation: You have a pair of small horns on your head. [potion of mutation]
  3103 | D:3      | Gained mutation: Scrolls take you a little longer to read. [potion of mutation]
  3103 | D:3      | Gained mutation: You are agile. (Dex +2) [potion of mutation]
  3104 | D:3      | Lost mutation: You have a pair of small horns on your head. [potion of cure mutation]
  3104 | D:3      | Lost mutation: You are agile. (Dex +2) [potion of cure mutation]
  3111 | D:3      | Paralysed by Grinder for 4 turns
  3116 | D:3      | Killed Grinder
  3116 | D:3      | Reached *** piety under Lugonu
  3116 | D:3      | Reached skill level 4 in Armour
  3116 | D:3      | Reached XP level 6. HP: 41/48 MP: 7/7
  3421 | D:4      | Reached skill level 5 in Armour
  3421 | D:4      | Gained mutation: You are immune to rotting. [demonic ancestry]
  3421 | D:4      | Reached XP level 7. HP: 26/54 MP: 8/8
  4162 | D:4      | Found a bloodstained altar of Trog.
  4312 | D:5      | Entered Level 5 of the Dungeon
  4341 | D:5      | Reached **** piety under Lugonu
  4580 | D:5      | Found Cizoji Varee's General Store.
  4694 | D:5      | Reached skill level 6 in Armour
  4841 | D:5      | Noticed Sigmund
  4881 | D:5      | Killed Sigmund
  4881 | D:5      | Reached skill level 5 in Fighting
  4881 | D:5      | Gained mutation: You may emit foul miasma when damaged in melee. [demonic ancestry]
  4881 | D:5      | Reached XP level 8. HP: 21/62 MP: 9/9
  4923 | D:5      | Found Bujuiss's Elemental Accessories.
  4985 | D:5      | Found a basalt altar of Yredelemnul.
  5345 | D:5      | Reached skill level 7 in Armour
  5488 | D:6      | Found a sand-covered staircase.
  5505 | Ossuary  | Entered an ossuary
  5547 | Ossuary  | Reached ***** piety under Lugonu
  5644 | Ossuary  | Reached skill level 1 in Long Blades
  5681 | Ossuary  | Reached skill level 5 in Axes
  5868 | D:6      | Noticed Vincendra's ghost (novice DEFE)
  5874 | D:6      | Killed Vincendra's ghost
  5874 | D:6      | Reached XP level 9. HP: 64/69 MP: 10/10
  6102 | D:6      | Found an opulent altar of Gozag.
  6219 | D:6      | Found a deep blue altar of Sif Muna.
  6294 | D:6      | Reached skill level 8 in Armour
  6605 | D:7      | Found a shimmering altar of Xom.
  6689 | D:7      | Found a staircase to the Ecumenical Temple.
  6713 | D:7      | Reached ****** piety under Lugonu
  6858 | D:7      | Found an oddly glowing altar of Pakellas.
  6859 | D:7      | Found a sparkling altar of Nemelex Xobeh.
  6929 | D:7      | Found a shattered altar of Ashenzari.
  7035 | D:7      | Reached skill level 9 in Armour
  7332 | D:7      | Noticed Pikel
  7340 | D:7      | Killed Pikel
  7340 | D:7      | Reached skill level 5 in Long Blades
  7408 | D:7      | Gained mutation: You regenerate health from kills. [demonic ancestry]
  7408 | D:7      | Reached XP level 10. HP: 77/77 MP: 11/11
  7971 | D:7      | Noticed Menkaure
  7978 | D:7      | Killed Menkaure
  7979 | D:7      | Found Diqyra's Armour Boutique.
  8154 | D:8      | Reached skill level 10 in Armour
  8345 | D:8      | Noticed Psyche
  8361 | D:8      | Killed Psyche
  8455 | D:8      | Gained mutation: You regenerate slowly when monsters are visible. [mutagenic meat]
  8479 | D:8      | Identified a scroll of acquirement
  8630 | D:8      | Noticed Joseph
  8658 | D:8      | Killed Joseph
  8800 | D:8      | Found an ancient bone altar of Kikubaaqudgha.
  9097 | D:9      | Found a burning altar of Makhleb.
  9099 | D:9      | Found a glowing silver altar of Zin.
  9099 | D:9      | Noticed an angel
  9102 | D:9      | Noticed a balrug
  9214 | D:9      | Reached skill level 1 in Shields
  9257 | D:9      | Gained mutation: You have very sharp fingernails. [demonic ancestry]
  9257 | D:9      | Reached XP level 11. HP: 74/86 MP: 13/13
  9289 | D:9      | Noticed a three-headed hydra
  9291 | D:9      | Banished a four-headed hydra
  9410 | D:9      | Found a stormy altar of Qazlal.
  9434 | D:9      | Gained mutation: Your mind is acute. (Int +2) [potion of mutation]
  9434 | D:9      | Lost mutation: You regenerate slowly when monsters are visible. [potion of mutation]
  9435 | D:9      | Gained mutation: Your mind is very acute. (Int +4) [potion of mutation]
  9435 | D:9      | Gained mutation: You are clumsy. (Dex -2) [potion of mutation]
  9435 | D:9      | Gained mutation: You passively map a small area around you. [potion of mutation]
  9774 | D:9      | Found a sacrificial altar of Ru.
  9811 | D:10     | Entered Level 10 of the Dungeon
  9813 | D:10     | Noticed a hill giant
  9821 | D:10     | Killed a hill giant
  9833 | D:10     | Noticed a hill giant
  9844 | D:10     | Slain by a hill giant

Skill      XL: |  1  2  3  4  5  6  7  8  9 10 11 |
---------------+----------------------------------+-----
Armour         | 2 3 4 5 6 7 9 10 | 10.8
Dodging        | 1 2 3 |  3.1
Axes           | 2 3 4 5 |  5.0
Fighting       | 4 5 6 8 |  8.5
Long Blades    | 3 5 6 7 |  7.4
Invocations    | 3 |  3.7
Shields        | 1 2 |  2.7
Stealth        | |  0.4

Action                   |  1- 3 |  4- 6 |  7- 9 | 10-12 || total
-------------------------+-------+-------+-------+-------++-------
Melee: Hand axe          |   153 |    86 |    12 |       ||   251
       Battleaxe         |       |    59 |    21 |       ||    80
       Broad axe         |       |       |   328 |       ||   328
       Double sword      |       |       |   268 |   392 ||   660
Invok: Depart the Abyss  |     1 |       |       |       ||     1
       Banish            |       |       |     1 |     4 ||     5
  Use: Potion            |       |     5 |     4 |     3 ||    12
       Scroll            |       |       |    13 |     5 ||    18
 Stab: Invisible         |       |       |     1 |       ||     1
  Eat: Chunk             |     3 |     1 |    13 |    15 ||    32
       Bread ration      |       |     1 |       |       ||     1
       Meat ration       |       |       |     1 |     1 ||     2
       Fruit             |       |       |     1 |       ||     1
       Pizza             |       |       |     1 |       ||     1
Armor: Leather armour    |     8 |       |       |       ||     8
       Chain mail        |    14 |       |       |       ||    14
       Plate armour      |   117 |   153 |   628 |   404 ||  1302
Dodge: Dodged            |    38 |    55 |   223 |   130 ||   446
Block: Shield            |       |       |       |   166 ||   166
